 Dungeon Crawl Stone Soup version 0.28-a0-1152-g9c71ebef14 (webtiles) character file.

Game seed: 6189574832246471691

259 spaghetti the Skirmisher (level 6, -5/47 HPs)
             Began as an Octopode Delver on Dec 14, 2021.
             Was an Initiate of Cheibriados.
             Slain by Edmund (13 damage)
             ... on level 5 of the Dungeon.
             The game lasted 00:01:46 (1110 turns).

spaghetti the Skirmisher (Octopode Delver)          Turns: 1110, Time: 00:01:46

Health: -5/47      AC:  1    Str: 12    XL:     6   Next: 17%
Magic:  6/6        EV: 13    Int: 15    God:    Cheibriados [......]
Gold:   25         SH:  0    Dex: 15    Spells: 5/5 levels left

rFire   . . .      SeeInvis .   a - +0 hand axe {axe}
rCold   . . .      Faith    .   (no shield)
rNeg    . . .      Spirit   .   (helmet restricted)
rPois   .          Reflect  .   (no amulet)
rElec   .          Harm     .   (no ring)
rCorr   .          Rampage  .   (no ring)
Will    .....                   (no ring)
Stlth   ++++......              (no ring)
HPRegen 0.15/turn               (no ring)
MPRegen 0.10/turn               (no ring)
                                (no ring)
                                (no ring)

@: attractive, very slow
A: almost no armour, amphibious, 8 rings, camouflage 1, gelatinous body 1,
(nimble swimmer 1), tentacles, tentacle spike 1
a: Renounce Religion


You were on level 5 of the Dungeon.
You worshipped Cheibriados.
Cheibriados was noncommittal.
You visited 2 branches of the dungeon, and saw 3 of its levels.

You collected 25 gold pieces.


Innate Abilities, Weirdness & Mutations

You cannot wear most types of armour.
You are amphibious.
You can wear up to eight rings at the same time.
Your skin changes colour to match your surroundings (Stealth+).
Your rubbery body absorbs attacks. (AC +1, EV +1)
((You are camouflaged near water. (Stealth+)))
You have tentacles for arms and can constrict up to eight enemies at once.
One of your tentacles bears a spike.


   Skills:
 + Level 6.7 Fighting
 - Level 2.0 Axes
 - Level 2.0 Dodging
 - Level 6.6 Stealth


You had 5 spell levels left.
You didn't know any spells.
Your spell library contained the following spells:

 Spells                   Type           Power      Damage    Failure   Level
 Dazzling Flash           Conj/Hex       0%         N/A       63%         3
 Iskenderun's Mystic Bla  Conj/Tloc      0%         2d3       95%         4
 Starburst                Conj/Fire      0%         6d3       100%        6

Inventory:

Hand Weapons
 a - a +0 hand axe (weapon) {axe}
Missiles
 g - 15 arrows
Armour
 c - a +0 cloak
   (You found it on level 6 of the Dungeon)
Wands
 f - a wand of digging (3)
Scrolls
 b - 2 scrolls of fog
 j - a scroll of teleportation {@r4}
Potions
 e - a potion of haste {@q3}

Dungeon Overview and Level Annotations

Branches:
Dungeon (6/15)             Temple (1/1) D:5

Altars:
Cheibriados
Dithmenos
Fedhas
Hepliaklqana
Kikubaaqudgha
Okawaru
Ru
Sif Muna
Trog
Uskayaw
Vehumet
Xom
The Shining One

Annotations:
D:5 2 runed translucent doors, Edmund; pigah's ghost, amateur OpWn

*,,,,,,*,,,,,,*<*,*
#.#.*#.##.***.*,*,*
***.#.##?...###.*,..********
*>,,.......,...,,...,,,,,,,*
*,,,,......,...,,...,,,,,,,,
*,*,,,..#.#*#.#,,..#******,*
****.#####.#.# #.#**#.# *,*
*,,,......?#.###.# #.#######,,
*,,,.........@@Z.####.......#*,
*,,,.........J......'.......#*,
*,,,........§...#####.......#*#
*,,,............##....).....#**
*,,,............##...........,*
*,,,..############....#####..,#
*,,,.,* #....# *,.,# *,,,,,*
#....# *,,,# ******* #....#
****#


You could see Edmund, a jelly and a water moccasin skeleton.


Message History

j - a scroll of teleportation {@r4} It was a potion of mutation.
You feel extremely strange.
One of your lower tentacles grows a sharp spike.
Found a stone staircase leading up.
You open the door.
There is an open door here.
There is a shimmering altar of Xom here.
There is an open door here.
You now have 25 gold pieces (gained 11).
You open the door.
There is an open door here.
An iguana comes into view.
(D) Dungeon (T) Temple
Where to? (Enter - D:6, ? - help)
An iguana is nearby!
No target in view!
No target in view!
No target in view!
No target in view!
No target in view!
No target in view!
No target in view!
No target in view!
No target in view!
No target in view!
No target in view!
No target in view!
No target in view!
No target in view!
No target in view!
Edmund the Younger comes into view.
He is wielding a +2 vorpal dire flail and wearing a +4 ring mail of poison resistance.
Edmund shouts!
Unknown command.
Unknown command.
Okay, then.
It was a potion of attraction.
You feel attractive to monsters.
Okay, then.
Okay, then.
Unknown command.
Edmund is attracted toward you.
You barely miss Edmund. You grab Edmund.
Your tentacle spike misses Edmund.
You squeeze Edmund, but do no damage. You constrict Edmund, but do no damage.
A water moccasin skeleton comes into view.
Edmund misses you.
The water moccasin skeleton is attracted toward you.
Unknown command.
Unknown command.
You hit Edmund but do no damage. You hit the water moccasin skeleton.
You constrict Edmund.
The water moccasin skeleton closely misses you.
A jelly comes into view.
Edmund hits you with a +2 vorpal dire flail.
The water moccasin skeleton bites you.
The jelly is attracted toward you. 😮 HP[-12]
You take 12 damage, and now have 35/47 hp.
MASSIVE DAMAGE!! (PAUSE) Unknown command.
Unknown command.
The jelly quivers.
You hit Edmund but do no damage. You squeeze Edmund, but do no damage.
You barely miss the water moccasin skeleton.
You constrict Edmund.
Edmund hits you with a +2 vorpal dire flail!
The water moccasin skeleton bites you.
* * * LOW HITPOINT WARNING * * *
The jelly hits you.
* * * LOW HITPOINT WARNING * * *
You are splashed with acid!
* * * LOW HITPOINT WARNING * * *
😨 HP[-23]
You take 23 damage, and now have 12/47 hp.
MASSIVE DAMAGE!! (PAUSE) Unknown command.
Unknown command.
As you read the scroll of fear, it crumbles to dust.
You assume a fearsome visage.
Edmund looks frightened!
The jelly looks frightened!
The water moccasin skeleton is unaffected.
You constrict Edmund, but do no damage. The water moccasin skeleton misses you.
Edmund struggles to escape constriction.
The water moccasin skeleton barely misses you.
The jelly is attracted toward you.
Unknown command.
You completely miss the water moccasin skeleton.
Your grab misses the water moccasin skeleton.
Your tentacle spike misses the water moccasin skeleton.
You squeeze the water moccasin skeleton!
You hit the jelly.
Your attack snaps the jelly out of its fear.
Your tentacles burn!
* * * LOW HITPOINT WARNING * * *
You catch the helpless Edmund completely off-guard!
You hit Edmund but do no damage.
Your attack snaps Edmund out of his fear.
You constrict Edmund. Edmund misses you.
The water moccasin skeleton barely misses you.
The jelly closely misses you.
Edmund hits you with a +2 vorpal dire flail!
You die...

Skill      XL: |  1  2  3  4 |
---------------+-------------+-----
Fighting       | 5 6 |  6.7
Axes           | |  2.0
Dodging        | |  2.0
Stealth        | |  6.6

Action                   |  1- 3 |  4- 6 || total
-------------------------+-------+-------++-------
Melee: Hand axe          |     6 |    22 ||    28
       Tentacles         |     3 |     8 ||    11
       Constrict         |     1 |     4 ||     5
  Use: Scroll            |     1 |     2 ||     3
       Potion            |       |     2 ||     2
 Stab: Distracted        |       |     1 ||     1
       Fleeing           |       |     1 ||     1
Armor: Skin              |       |     3 ||     3
Dodge: Dodged            |     4 |    24 ||    28

Levels and vault maps discovered:
D:5:      layout_basic, mainiacjoe_overflow_surrounded_room,
          minmay_temple_entry_from_below_a, ebering_ghost_disaster_area,
          uniq_edmund, uniq_prince_ribbit1
D:6:      layout_basic, general_overflow_altar
Temple:   minmay_temple_forest_path

Notes
Turn   | Place    | Note
-------+----------+-------------------------------------------
     0 | D:5      | spaghetti the Octopode Delver began the quest for the Orb.
     0 | D:5      | Reached XP level 1. HP: 16/16 MP: 1/1
     0 | D:5      | magus.rc [v1.9.6]
     1 | D:5      | Found a staircase to the Ecumenical Temple.
     6 | Temple   | Entered the Ecumenical Temple
   443 | Temple   | Became a worshipper of Cheibriados the Contemplative
   495 | D:5      | Found a large runed translucent door.
   495 | D:5      | Found a large runed translucent door.
   497 | D:5      | Noticed pigah's ghost (amateur OpWn)
   532 | D:5      | Noticed a necrophage
   554 | D:5      | Killed a necrophage
   555 | D:5      | Reached skill level 5 in Fighting
   555 | D:5      | Reached XP level 2. HP: 10/24 MP: 2/2
   555 | D:5      | Reached XP level 3. HP: 13/29 MP: 3/3
   555 | D:5      | Reached XP level 4. HP: 15/35 MP: 4/4
   736 | D:5      | Noticed a necrophage
   744 | D:5      | Killed a necrophage
   745 | D:5      | Reached skill level 6 in Fighting
   745 | D:5      | Reached XP level 5. HP: 41/41 MP: 5/5
   757 | D:5      | Reached XP level 6. HP: 26/47 MP: 6/6
   938 | D:5      | Found a shimmering altar of Xom.
   969 | D:5      | You pick up a book of Spectacle and begin reading...
   969 | D:5      | You add the spells Dazzling Flash, Iskenderun's Mystic
                  | Blast and Starburst to your library.
  1017 | D:5      | Gained mutation: One of your tentacles bears a spike.
                  | [potion of mutation]
  1101 | D:5      | Noticed Edmund
  1110 | D:5      | HP: 7/47 [acid (5)]
  1110 | D:5      | Slain by Edmund

Vanquished Creatures
  2 necrophages (D:5)
  A scorpion (D:5)
  A bullfrog skeleton (D:5)
4 creatures vanquished.

Table legend:
 A = Non-vault XP
 B = Vault XP
 C = Vault XP percentage of total XP
 D = Non-vault monster count
 E = Vault monster count
 F = Vault count percentage of total count
                 A         B        C        D         E       F
            +---------+---------+-------+---------+---------+-------
      Total |     371 |       0 |   0.0 |       4 |       0 |   0.0
            +---------+---------+-------+---------+---------+-------
        D:5 |     371 |       0 |   0.0 |       4 |       0 |   0.0
            +---------+---------+-------+---------+---------+-------

Illustrated notes

Table legend:
 A = Kills in this place as a percentage of kills in entire the game.
 B = Kills by you in this place as a percentage of kills by you in the entire game.
 C = Kills by friends in this place as a percentage of kills by friends in the entire game.
 D = Other kills in this place as a percentage of other kills in the entire game.
 E = Experience gained in this place as a percentage of experience gained in the entire game.
 F = Experience gained in this place divided by the number of levels of this place that you have seen.
                   A       B       C       D       E      F
               +-------+-------+-------+-------+-------+----------------------
         Total | 100.0 | 100.0 |   N/A |   N/A | 100.0 | 123.7
       Dungeon | 100.0 | 100.0 |   N/A |   N/A | 100.0 | 185.5
               +-------+-------+-------+-------+-------+----------------------

Table legend: (Time is in decaauts)
 A = Elapsed time spent in this place.
 B = Non-inter-level travel time spent in this place.
 C = Inter-level travel time spent in this place.
 D = Time resting spent in this place.
 E = Time spent auto-exploring this place.
 F = Levels seen in this place.
 G = Mean time per level.
                   A        B        C        D        E       F      G
               +--------+--------+--------+--------+--------+-----+--------+
         Total |   1196 |   1068 |    128 |    333 |    614 |   3 |  398.7 |
       Dungeon |    725 |    717 |      8 |    333 |    276 |   2 |  362.5 |
        Temple |    470 |    350 |    120 |      0 |    338 |   1 |  470.0 |
               +--------+--------+--------+--------+--------+-----+--------+

Top non-repeatable levels by time:
     D:5: 701 daAuts
  Temple: 470 daAuts
     D:6: 23 daAuts
